 Dungeon Crawl Stone Soup version 0.19.1 (webtiles) character file.

1149 ohad the Basher (level 8, -1/58 HPs)
             Began as a Demonspawn Berserker on Dec 19, 2016.
             Was an Elder of Trog.
             Slain by a wight
             ... wielding a cursed +0 dire flail
              (10 damage)
             ... on level 6 of the Dungeon on Dec 20, 2016.
             The game lasted 00:12:35 (5610 turns).

ohad the Basher (Demonspawn Berserker)              Turns: 5610, Time: 00:12:36

Health: -1/58      AC:  8    Str: 17    XL:     8   Next: 15%
Magic:  8/8        EV: 10    Int:  9    God:    Trog [****..]
Gold:   286        SH:  4    Dex: 15    Spells: 0 memorised, 7 levels left

rFire  . . .     SeeInvis .     e - +0 flail
rCold  . . .     Gourm    +     m - +0 ring mail
rNeg   . . .     Faith    .     (no shield)
rPois  .         Spirit   .     (no helmet)
rElec  .         Reflect  .     u - +1 cloak
rCorr  .         Harm     .     (no gloves)
MR     ++...                    n - +0 pair of boots
Stlth  +++.......               f - amulet of the gourmand
                                (no ring)
                                (no ring)

@: regenerating, drained
A: large bone plates 1, nightstalker 2, powered by death 2
a: Berserk, Trog's Hand, Brothers in Arms, Burn Spellbooks, Renounce Religion


You were on level 6 of the Dungeon.
You worshipped Trog.
Trog was greatly pleased with you.
You were completely stuffed.

You visited 1 branch of the dungeon, and saw 6 of its levels.

You collected 286 gold pieces.

Inventory:

Hand Weapons
 a - a +0 mace
 e - a +0 flail (weapon)
Missiles
 z - a throwing net (quivered)
 A - 2 javelins of returning
Armour
 b - a +0 animal skin
 i - a +0 leather armour
 m - a +0 ring mail (worn)
 n - a +0 pair of boots (worn)
 u - a +1 cloak (worn)
 v - a +0 chain mail
Jewellery
 f - an amulet of the gourmand (around neck)
Wands
 x - a wand of teleportation (5/9)
 y - a wand of paralysis (21/24)
 C - a wand of iceblast (2/15)
Scrolls
 d - 6 scrolls of remove curse {unknown}
 g - a scroll of random uselessness {unknown}
 h - 3 scrolls of blinking {unknown}
 j - 2 scrolls of teleportation {unknown}
 k - 7 scrolls of identify {unknown}
 o - 3 scrolls of amnesia {unknown}
 w - a scroll of enchant armour {unknown}
 B - a scroll of noise {unknown}
 E - a scroll of fog {unknown}
Potions
 p - 6 potions of curing
 q - a potion of flight {unknown}
 r - a potion of heal wounds {unknown}
 t - a potion of haste
Comestibles
 c - 7 bread rations
 l - 2 royal jellies
 s - 3 meat rations
 D - 3 chunks of flesh


   Skills:
 - Level 3.0(2.1) Fighting
 + Level 9.1(8.1) Maces & Flails
 - Level 1.7(0.9) Armour
 - Level 1.7(0.9) Dodging
 - Level 2.0(1.2) Stealth


You had 7 spell levels left.
You didn't know any spells.

Dungeon Overview and Level Annotations

Branches:
Dungeon (6/15)             Temple (0/1) D:5

Altars:
Cheibriados
Nemelex Xobeh
Qazlal

Annotations:
D:6 Philosophy's ghost, novice FoFi


Innate Abilities, Weirdness & Mutations

You are partially covered in large bone plates. (SH +4)
You are significantly more attuned to the shadows.
You regenerate health from kills.


Message History

The wight is lightly damaged.
The wight hits you with a dire flail.
You closely miss the wight. You barely miss the wight.
The wight hits you but does no damage.
You closely miss the wight. The wight hits you with a dire flail!
You feel drained.
* * * LOW HITPOINT WARNING * * *
You sock the wight!
The wight is heavily damaged.
The wight hits you with a dire flail.
* * * LOW HITPOINT WARNING * * *
You feel drained.
* * * LOW HITPOINT WARNING * * *
You closely miss the wight.
The wight is heavily damaged.
The phantom blinks!
The wight closely misses you.
Your skin crawls.
You feel resistant to hostile enchantments.
You feel somewhat less full. The wight hits you with a dire flail!
You die...

........ ####.... #..
#.......# #.... #..
#.##....##### #....
#..###.##....#...# #....
#....#.##....#.#.###....
#...W..##......#........
##.#.####....########...
#.######.............
#..z@.....###########
###########


You could see a wight.

Vanquished Creatures
  Sigmund (D:3)
  An ice beast (D:5)
  A sky beast (D:5)
  Blork the orc (D:5)
  2 howler monkeys
  A jelly (D:5)
  2 orc priests (D:4)
  A bullfrog skeleton (D:5)
  Natasha (thrice) (D:3)
  2 iguanas
  5 orc wizards
  3 worker ants (D:5)
  6 adders
  A gnoll (D:1)
  A shadow imp (D:5)
  An ooze (D:3)
  2 adder skeletons
  3 worms
  2 dart slugs
  3 leopard geckos
  18 orcs
  10 bats
  3 giant cockroaches
  12 hobgoblins
  5 jackals
  2 quokkas
  3 ball pythons
  5 frilled lizards
  8 goblins
  9 kobolds
  A leopard gecko skeleton (D:5)
  8 rats
126 creatures vanquished.

Vanquished Creatures (others)
  A hobgoblin (D:2)
  A plant (D:5)
2 creatures vanquished.

Grand Total: 128 creatures vanquished

Notes
Turn   | Place    | Note
-------+----------+-------------------------------------------
     0 | D:1      | ohad the Demonspawn Berserker began the quest for the Orb.
     0 | D:1      | Reached XP level 1. HP: 18/18 MP: 1/1
    58 | D:1      | Reached skill level 3 in Maces & Flails
   166 | D:1      | HP: 1/27 [gnoll/flail (15)]
   167 | D:1      | Gained mutation: You regenerate a little health from kills. [demonic ancestry]
   167 | D:1      | Reached XP level 2. HP: 1/24 MP: 2/2
   684 | D:1      | Gained mutation: You are slightly more attuned to the shadows. [demonic ancestry]
   684 | D:1      | Reached XP level 3. HP: 29/29 MP: 3/3
  1148 | D:2      | Found a sparkling altar of Nemelex Xobeh.
  1178 | D:2      | Found a snail-covered altar of Cheibriados.
  1207 | D:2      | Reached ** piety under Trog
  1350 | D:2      | Reached skill level 4 in Maces & Flails
  1650 | D:2      | Reached XP level 4. HP: 35/35 MP: 4/4
  2118 | D:3      | Noticed Natasha
  2128 | D:3      | Killed Natasha
  2271 | D:3      | Noticed Natasha
  2278 | D:3      | Killed Natasha
  2278 | D:3      | Reached skill level 1 in Stealth
  2280 | D:3      | Gained mutation: You regenerate health from kills. [demonic ancestry]
  2280 | D:3      | Reached XP level 5. HP: 8/41 MP: 5/5
  2543 | D:3      | Reached *** piety under Trog
  2769 | D:3      | Reached skill level 5 in Maces & Flails
  2978 | D:3      | Noticed Natasha
  3009 | D:3      | Killed Natasha
  3149 | D:3      | Found a stormy altar of Qazlal.
  3213 | D:3      | Noticed Sigmund
  3230 | D:3      | Killed Sigmund
  3230 | D:3      | Reached skill level 6 in Maces & Flails
  3230 | D:3      | Reached XP level 6. HP: 47/47 MP: 6/6
  3712 | D:4      | Gained mutation: You are partially covered in large bone plates. (SH +4) [demonic ancestry]
  3712 | D:4      | Reached XP level 7. HP: 31/52 MP: 7/7
  3713 | D:4      | Reached skill level 7 in Maces & Flails
  4385 | D:5      | Entered Level 5 of the Dungeon
  4397 | D:5      | Noticed a yak
  4400 | D:5      | Noticed a yak
  4400 | D:5      | Noticed a yak
  4401 | D:5      | Noticed a yak
  4496 | D:5      | Reached **** piety under Trog
  4620 | D:5      | Noticed Blork the orc
  4623 | D:5      | Found a staircase to the Ecumenical Temple.
  4638 | D:5      | Killed Blork the orc
  4638 | D:5      | Reached skill level 8 in Maces & Flails
  5298 | D:5      | Gained mutation: You are significantly more attuned to the shadows. [demonic ancestry]
  5298 | D:5      | Reached XP level 8. HP: 39/58 MP: 8/8
  5345 | D:5      | Received a gift from Trog
  5458 | D:6      | Reached skill level 9 in Maces & Flails
  5513 | D:6      | Noticed Philosophy's ghost (novice FoFi)
  5610 | D:6      | Slain by a wight

Skill      XL: |  1  2  3  4  5  6  7  8 |
---------------+-------------------------+-----
Maces & Flails | 3 4 6 8 9 |  9.1
Stealth        | 1 2 |  2.0
Fighting       | |  3.0
Armour         | |  1.7
Dodging        | |  1.7

Action                   |  1- 3 |  4- 6 |  7- 9 || total
-------------------------+-------+-------+-------++-------
Melee: Mace              |    22 |       |       ||    22
       Flail             |   125 |   182 |   207 ||   514
Throw: Throwing net      |       |       |     1 ||     1
Invok: Berserk           |     2 |     1 |       ||     3
       Burn Spellbooks   |     1 |       |       ||     1
       Trog's Hand       |       |     2 |     2 ||     4
 Stab: Sleeping          |     2 |     6 |     2 ||    10
       Held in net/web   |       |       |     2 ||     2
  Eat: Chunk             |    18 |    12 |     7 ||    37
Armor: Animal skin       |    16 |       |       ||    16
       Leather armour    |     1 |       |       ||     1
       Ring mail         |    71 |    73 |    53 ||   197
Dodge: Dodged            |   142 |   112 |    84 ||   338
Block: Other             |       |       |    30 ||    30
